 Dungeon Crawl Stone Soup version 0.32-a0-42-ga30500b4d3 (webtiles) character file.

Game seed: 18397442631148694968

19415 cforsyth the Fighter (level 13, -17/106 HPs)
             Began as a Djinni Warper on Feb 3, 2024.
             Was a Believer of the Shining One.
             Demolished by a death yak (28 damage)
             ... on level 2 of the Lair of Beasts.
             The game lasted 00:23:59 (14627 turns).

cforsyth the Fighter (Djinni Warper)               Turns: 14627, Time: 00:23:59

Health: -17/106    AC:  4    Str: 10    XL:     13   Next: 4%
Gold:   1344       EV: 12    Int: 18    God:    the Shining One [**....] SH:  0 Dex: 15

rFire   + + .        h - +1 dagger (flame)
rCold   x . .        (no shield)
rNeg    + . .        J - +0 troll leather armour
rPois   ∞            u - +0 helmet
rElec   .            (no cloak)
rCorr   .            (no gloves)
SInv    .            (boots unavailable)
Will    ++...        x - amulet of regeneration
Stlth   +            p - ring of willpower
HPRegen 1.97/turn    (no ring)
MPRegen 0.00/turn

%: infuse magic (-18 HP)
@: flying, glowing
A: sickness immunity, fire resistance 2, cold vulnerability 1, float, innate
caster, HP casting, extra vitality 1
a: Renounce Religion, Divine Shield


You were on level 2 of the Lair of Beasts.
You worshipped the Shining One.
The Shining One was pleased with you.
You visited 3 branches of the dungeon, and saw 16 of its levels.
You also visited: Sewer.

You collected 1374 gold pieces.
You spent 30 gold pieces at shops.

Inventory:

Hand Weapons
 a - a +0 falchion
 h - a +1 dagger of flaming (weapon)
Missiles
 d - 7 darts of dispersal
 q - 42 poisoned darts
 H - 9 curare-tipped darts
Armour
 u - a +0 helmet (worn)
 J - a +0 troll leather armour (worn)
Jewellery
 p - a ring of willpower (left hand)
 x - an amulet of regeneration (around neck)
Wands
 b - a wand of light (3)
 s - a wand of mindburst (14)
 I - a wand of flame (26)
 K - a wand of iceblast (3)
 M - a wand of digging (7)
 N - a wand of charming (4)
Scrolls
 c - a scroll of blinking
 e - 9 scrolls of teleportation
 l - 2 scrolls of fear {unknown}
 m - 2 scrolls of fog {unknown}
 o - 2 scrolls of enchant armour {unknown}
 v - 4 scrolls of immolation {unknown}
 y - 3 scrolls of revelation {unknown}
 z - 4 scrolls of vulnerability {unknown}
 C - 2 scrolls of torment {unknown}
 D - 5 scrolls of identify
 F - a scroll of poison {unknown}
Potions
 f - 2 potions of haste {unknown}
 g - 3 potions of might {unknown}
 i - 6 potions of enlightenment
 j - 3 potions of cancellation
 k - a potion of invisibility {unknown}
 n - 3 potions of brilliance
 r - 12 potions of curing
 t - a potion of berserk rage
 w - 2 potions of attraction
 A - a potion of ambrosia
 B - 3 potions of heal wounds
 E - 3 potions of degeneration {unknown}
 G - a potion of mutation {unknown}
 L - 2 potions of lignification {unknown}


   Skills:
 + Level 14.9 Fighting
 - Level 1.7 Long Blades
 - Level 0.7 Throwing
 - Level 1.0 Armour
 - Level 2.1 Dodging
 + Level 11.7 Spellcasting
 + Level 11.7 Conjurations
 + Level 11.7 Hexes
 + Level 11.7 Summonings
 + Level 11.7 Necromancy
 + Level 11.7 Translocations
 + Level 11.7 Fire Magic
 + Level 11.7 Ice Magic
 + Level 11.7 Air Magic
 + Level 11.7 Earth Magic
 + Level 11.7 Alchemy


You knew the following spells:

 Your Spells              Type           Power      Damage    Failure   Level
a - Blink                 Tloc           100%       N/A       1%          2
b - Lesser Beckoning      Tloc           100%       N/A       1%          2
c - Teleport Other        Tloc           51%        N/A       1%          3
d - Manifold Assault      Tloc           51%        N/A       1%          4
e - Vhi's Electric Charg  Tloc/Air       100%       N/A       1%          4
f - Foxfire               Conj/Fire      100%       2x1d9     1%          1
g - Jinxbite              Hex            100%       N/A       1%          2
h - Tukima's Dance        Hex            51%        N/A       1%          3
i - Flame Wave            Conj/Fire      51%        2d13      1%          4
j - Animate Armour        Summ/Erth      100%       N/A       1%          4
k - Alistair's Intoxicat  Alch           34%        N/A       1%          5
Your spell library was empty.

Dungeon Overview and Level Annotations

Branches:
Dungeon (12/15)            Temple (1/1) D:6            Lair (3/5) D:11
 Shoals (0/4) Lair:2          Orc (0/2) D:9           Sewer (visited)
  Snake: Lair:2-3    Spider: Lair:2-3

Altars:
Ashenzari
Cheibriados
Dithmenos
Elyvilon
Fedhas
Gozag
Hepliaklqana
Makhleb
Nemelex Xobeh
Okawaru
Qazlal
Ru
Trog
Uskayaw
Wu Jian
Xom
Yredelemnul
Zin
The Shining One

Shops:
D:3 =   D:4 *   D:6 !*   D:9 *

Annotations:
D:6 3 runed translucent doors, pop's ghost, weakling GnDe


Innate Abilities, Weirdness & Mutations

You are immune to sickness and miasma.
You are immune to poison.
Your flesh is very heat resistant. (rF++)
You are vulnerable to cold. (rC-)
You float through the air rather than walking.
You learn spells naturally, not from books.
Your magical power is your life essence.
You have superior vitality. (+4 MHP)


Message History

The fungus is moderately damaged.
You finish channelling waves of flame.
A nearby fungus withers and dies.
The death yak barely misses you.
Casting: Flame Wave (mildly dangerous; 1% risk of failure)
Confirm with . or Enter, or press ? or * to list all spells.
Casting: Flame Wave (mildly dangerous; 1% risk of failure)
Press: ? - help, Dir - look around, f - activate A wave of flame ripples out!
The flame wave engulfs the death yak!
The death yak is heavily wounded. (Press . to intensify the flame waves.)
The death yak gores you!!
A wave of flame ripples out!
The flame wave engulfs the death yak!
The death yak is heavily wounded.
The death yak gores you!!
* * * LOW HITPOINT WARNING * * *
A wave of flame ripples out!
The flame wave engulfs the death yak!
The death yak is severely wounded.
The flame wave engulfs the yak!
The yak is moderately wounded.
The flame wave engulfs the yak!!
The yak is heavily wounded.
* * * LOW HITPOINT WARNING * * *
You finish channelling waves of flame.
The death yak gores you!
* * * LOW HITPOINT WARNING * * *
The death yak gores you!! The Shining One protects you from harm!
The yak gores you!
* * * LOW HITPOINT WARNING * * *
Casting: Flame Wave (mildly dangerous; 1% risk of failure)
Confirm with . or Enter, or press ? or * to list all spells.
Casting: Flame Wave (mildly dangerous; 1% risk of failure)
Press: ? - help, Dir - look around, f - activate A wave of flame ripples out!
The flame wave engulfs the death yak!
The death yak is almost dead.
The flame wave engulfs the yak.
The yak is heavily wounded. (Press . to intensify the flame waves.)
* * * LOW HITPOINT WARNING * * *
The death yak gores you!!
You die...

........#.# *,,*,,,,,,**
..#.......## **,,*,,,,,,,*
...#.##...P# **,YY,,,,,,,,*
.##.#*##...#### *,,,[,,,,,,,,,
,..#* ##....P# **,,,,,,,,,,,*
...*** ##P..##### *,,,,,,,,,,,*
..**,** ###...#§# *,,,,,,,,,,,,
,,,,,,** ##.#...#####..>,,,,,,,,*
,,,,,,,**#..P...@YY.....**,,,,,,*
,,,,,,,,#.#......Y......**,*,,,,,
,,,,,,,..##......<#...#.,P,*,*,,*
,,,,,,...#.........####*,,,,*,,**
,,,,,..............# ***,,,,,,*
,,,,,.......#.....## ***P,,*,**
,,,,,,,.....###P### ****,,P,,,***
,,,,,,,,,.#** ##* *,,*,,,,,,,,*
,,,,,,,,,** *P,,,,,,,,>,,


You could see a death yak and 2 yaks.

Vanquished Creatures
  A two-headed ogre (D:9)
  2 death yaks
  Maurice (D:10)
  A merfolk siren (Lair:2)
  A gargoyle (D:10)
  A torpor snail (Lair:1)
  4 cane toads
  A rime drake (Lair:2)
  A kobold demonologist (D:7)
  3 komodo dragons
  4 trolls
  6 blink frogs
  Prince Ribbit (D:6)
  A hornet (D:9)
  2 shadows
  3 basilisks
  3 wyverns
  2 wraiths
  19 yaks
  5 steam dragons
  4 vampire mosquitoes (D:11)
  4 water moccasins
  An acid dragon (D:9)
  4 ice beasts (D:6)
  6 black bears
  3 orc warriors
  A sky beast (D:8)
  2 ogres
  4 wolves
  5 centaurs
  2 phantoms
  5 kobold brigands
  2 brain worms (Sewer)
  5 gnoll sergeants
  4 bullfrogs
  2 scorpions
  2 wights (D:7)
  12 killer bees
  A howler monkey (D:5)
  3 electric eels
  2 jellies
  3 orc priests
  7 hounds
  7 orc wizards
  A sleepcap (D:4)
  An iguana (D:5)
  12 adders
  7 gnolls
  A river rat (Sewer)
  A shadow imp (D:6)
  A white imp (D:5)
  2 ufetubi (D:6)
  3 dart slugs
  25 orcs
  9 ball pythons
  5 bats
  8 endoplasms
  7 giant cockroaches
  9 goblins
  8 hobgoblins
  2 jackals (D:1)
  25 kobolds
  4 quokkas
  9 frilled lizards
  4 rats
297 creatures vanquished.

Vanquished Creatures (collateral kills)
  A two-headed ogre (D:11)
  An ogre (D:9)
  A kobold brigand (D:9)
  9 foxfires
12 creatures vanquished.

Vanquished Creatures (others)
  2 dancing weapons
  A wight (D:7)
  An orc (D:7)
  1821 foxfires
1825 creatures vanquished.

Grand Total: 2134 creatures vanquished

Notes
Turn   | Place    | Note
-------+----------+-------------------------------------------
     0 | D:1      | cforsyth the Djinni Warper began the quest for the Orb.
     0 | D:1      | cforsyth set off with the following spells memorised:
                  | Blink, Lesser Beckoning, Teleport Other, Manifold Assault,
                  | Vhi's Electric Charge.
     0 | D:1      | Reached XP level 1. HP: 18/18 MP: 0/0
    96 | D:1      | Reached XP level 2. HP: 23/23 MP: 0/0
   318 | D:1      | Reached XP level 3. HP: 28/29 MP: 0/0
   318 | D:1      | Learned a level 1 spell: Foxfire
   715 | D:2      | Reached skill level 3 in Fighting
   953 | D:2      | Reached XP level 4. HP: 33/35 MP: 0/0
  1205 | D:3      | Identified a scroll of acquirement
  1205 | D:3      | Acquired 518 gold pieces
  1264 | D:3      | Found a glowing drain.
  1349 | Sewer    | Entered a sewer
  1401 | Sewer    | Noticed a brain worm
  1411 | Sewer    | Killed a brain worm
  1412 | Sewer    | Reached skill level 4 in Fighting
  1412 | Sewer    | Reached XP level 5. HP: 21/41 MP: 0/0
  1412 | Sewer    | Learned a level 2 spell: Jinxbite
  1624 | Sewer    | Noticed a brain worm
  1739 | Sewer    | Killed a brain worm
  1740 | Sewer    | Reached XP level 6. HP: 43/48 MP: 0/0
  2210 | D:3      | Found Lewaor Jiet's Jewellery Shop.
  3144 | D:4      | Found Mojoirphumuip's General Store.
  3153 | D:4      | Reached skill level 5 in Fighting
  3243 | D:4      | Bought a potion of curing for 30 gold pieces
  3284 | D:4      | Reached XP level 7. HP: 40/54 MP: 0/0
  3284 | D:4      | Learned a level 3 spell: Tukima's Dance
  3942 | D:5      | Entered Level 5 of the Dungeon
  3953 | D:4      | Reached skill level 5 in Spellcasting
  3953 | D:4      | Reached skill level 5 in Conjurations
  3953 | D:4      | Reached skill level 5 in Hexes
  3953 | D:4      | Reached skill level 5 in Summonings
  3953 | D:4      | Reached skill level 5 in Necromancy
  3953 | D:4      | Reached skill level 5 in Translocations
  3953 | D:4      | Reached skill level 5 in Fire Magic
  3953 | D:4      | Reached skill level 5 in Ice Magic
  3953 | D:4      | Reached skill level 5 in Air Magic
  3953 | D:4      | Reached skill level 5 in Earth Magic
  3953 | D:4      | Reached skill level 5 in Alchemy
  4017 | D:5      | Reached skill level 6 in Fighting
  4327 | D:5      | Reached XP level 8. HP: 58/61 MP: 0/0
  4902 | D:6      | Found an opulent altar of Gozag.
  4906 | D:6      | Found Gozag's Platinum Reserve.
  4909 | D:6      | Found a runed translucent gate.
  4909 | D:6      | Found a runed translucent gate.
  4910 | D:6      | Found a runed translucent gate.
  4921 | D:6      | Noticed pop's ghost (weakling GnDe)
  5074 | D:6      | Reached skill level 7 in Fighting
  5087 | D:6      | Found a faded altar of an unknown god.
  5087 | D:6      | Found a glowing silver altar of Zin.
  5095 | D:6      | Found an ornate altar of the Wu Jian Council.
  5097 | D:6      | Found a glowing golden altar of the Shining One.
  5099 | D:6      | Found a faded altar of an unknown god.
  5203 | D:6      | Found a staircase to the Ecumenical Temple.
  5293 | D:6      | Reached XP level 9. HP: 70/70 MP: 0/0
  5293 | D:6      | Learned a level 4 spell: Flame Wave
  5302 | Temple   | Entered the Ecumenical Temple
  5401 | D:6      | Became a worshipper of the Shining One
  5444 | D:7      | Noticed a kobold demonologist
  5454 | D:7      | Killed a kobold demonologist
  5455 | D:7      | Reached skill level 8 in Fighting
  5625 | D:6      | Found Gobearch's Distillery.
  6010 | D:7      | Noticed Prince Ribbit
  6148 | D:6      | Killed Prince Ribbit
  6149 | D:6      | Reached skill level 9 in Fighting
  6593 | D:7      | Reached XP level 10. HP: 71/78 MP: 0/0
  6641 | D:7      | Reached skill level 10 in Fighting
  6965 | D:8      | Reached * piety under the Shining One
  7104 | D:8      | Found a shadowy altar of Dithmenos.
  7158 | D:8      | Found a sparkling altar of Nemelex Xobeh.
  7575 | D:9      | Found Quguas's Neck Hole.
  8022 | D:9      | Reached skill level 11 in Fighting
  8339 | D:9      | Found a staircase to the Orcish Mines.
  8369 | D:9      | Reached XP level 11. HP: 32/87 MP: 0/0
  8369 | D:9      | Learned a level 4 spell: Animate Armour
  8634 | D:10     | Entered Level 10 of the Dungeon
  8841 | D:10     | Noticed a two-headed ogre
  9326 | D:10     | Reached skill level 12 in Fighting
  9541 | D:10     | Noticed Maurice
  9548 | D:10     | Reached ** piety under the Shining One
  9584 | D:9      | HP: 4/89 [two-headed ogre/+0 giant spiked club (20)]
  9644 | D:9      | Killed a two-headed ogre
  9719 | D:10     | Identified the +6 flail "Foroam" {drain, rF+ Stlth+}
  9919 | D:10     | Killed Maurice
  9996 | D:10     | Was placed under penance by the Shining One
 10000 | D:10     | Reached skill level 10 in Spellcasting
 10000 | D:10     | Reached skill level 10 in Conjurations
 10000 | D:10     | Reached skill level 10 in Hexes
 10000 | D:10     | Reached skill level 10 in Summonings
 10000 | D:10     | Reached skill level 10 in Necromancy
 10000 | D:10     | Reached skill level 10 in Translocations
 10000 | D:10     | Reached skill level 10 in Fire Magic
 10000 | D:10     | Reached skill level 10 in Ice Magic
 10000 | D:10     | Reached skill level 10 in Air Magic
 10000 | D:10     | Reached skill level 10 in Earth Magic
 10000 | D:10     | Reached skill level 10 in Alchemy
 10489 | D:11     | Noticed a two-headed ogre
 10532 | D:11     | Killed a two-headed ogre
 10664 | D:11     | Noticed a boulder beetle
 10705 | D:12     | Noticed a manticore
 10705 | D:12     | Noticed a deep elf pyromancer
 10798 | D:11     | Reached skill level 13 in Fighting
 11254 | D:11     | Found a white marble altar of Elyvilon.
 11264 | D:11     | Reached XP level 12. HP: 73/98 MP: 0/0
 11336 | D:11     | Found a staircase to the Lair.
 11471 | D:11     | Was forgiven by the Shining One
 11649 | Lair:1   | Entered Level 1 of the Lair of Beasts
 12050 | Lair:1   | Reached skill level 14 in Fighting
 12527 | Lair:1   | HP: 2/100 [torpor snail (20)]
 13453 | Lair:2   | Found a staircase to the Shoals.
 13685 | Lair:3   | Noticed a five-headed hydra
 13685 | Lair:3   | Noticed a death yak
 13685 | Lair:3   | Noticed a death yak
 13685 | Lair:3   | Noticed a death yak
 13722 | Lair:2   | Killed a death yak
 14139 | Lair:2   | Reached XP level 13. HP: 76/106 MP: 0/0
 14139 | Lair:2   | Learned a level 5 spell: Alistair's Intoxication
 14525 | Lair:2   | Found a staircase to the Shoals.
 14626 | Lair:2   | The Shining One protects you from harm!
 14627 | Lair:2   | Demolished by a death yak

Illustrated notes

Levels and vault maps discovered:
D:1:      tekkud_arrival_beachfront_property, layout_rooms,
          corexii_item_surrounded_by_moat
D:2:      layout_rooms
D:3:      layout_basic, serial_shops, shop_coins, gup_sewer_entry_glass
D:4:      layout_cave_pools, serial_shops, shop, chequers_arboretum
D:5:      layout_cave_pools
D:6:      layout_basic, nicolae_kikubaaqudgha_miasma_corner,
          chequers_temple_overflow_minitemple, nicolae_gozag_zags_fifth_avenue,
          minmay_temple_entry_statues_fountains, serial_shops,
          nicolae_diamond_shop, ebering_ghost_rock_garden
D:7:      layout_cave_pools, serial_rivers, chequers_serial_rivers_micro_a,
          chequers_serial_rivers_micro_b, chequers_serial_rivers_micro_c,
          chequers_serial_rivers_micro_d, minmay_misc_feat_tower,
          uniq_prince_ribbit1
D:8:      layout_loops_ring, mainiacjoe_overflow_catch_the_wave
D:9:      layout_roguey, kennysheep_orc_monster_closet_entryway,
          nicolae_shop_sticking_my_neck_out
D:10:     layout_long_grid, lemuel_round_altar, uniq_maurice
D:11:     layout_loops_ring, minmay_lair_entry_grove,
          nicolae_elyvilon_temple_path
D:12:     minmay_two_paths, layout_rooms, serial_demonic, serial_demonic_c,
          serial_demonic_g, serial_demonic_b, serial_demonic_b,
          serial_demonic_f, uniq_lodul
Temple:   dpeg_chambers_temple
Lair:1:   layout_regular_city
Lair:2:   layout_cave_pods, minmay_shoals_entry_lonely_mermaid, st_stairs_5
Lair:3:   layout_roguey, dummy_snake_entry, serial_bayou_crossing,
          grunt_megastairs_4, infiniplex_staircase_pool_2, serial_bayou_shore_b,
          uniq_gastronok

Skill      XL: |  1  2  3  4  5  6  7  8  9 10 11 12 |
---------------+-------------------------------------+-----
Spellcasting   | 3 4 5 6 7 9 10 11 | 11.7
Conjurations   | 3 4 5 6 7 9 10 11 | 11.7
Hexes          | 3 4 5 6 7 9 10 11 | 11.7
Summonings     | 3 4 5 6 7 9 10 11 | 11.7
Necromancy     | 3 4 5 6 7 9 10 11 | 11.7
Translocations | 3 4 5 6 7 9 10 11 | 11.7
Fire Magic     | 3 4 5 6 7 9 10 11 | 11.7
Ice Magic      | 3 4 5 6 7 9 10 11 | 11.7
Air Magic      | 3 4 5 6 7 9 10 11 | 11.7
Earth Magic    | 3 4 5 6 7 9 10 11 | 11.7
Alchemy        | 3 4 5 6 7 9 10 11 | 11.7
Fighting       | 3 4 5 6 7 9 11 13 14 | 14.9
Long Blades    | |  1.7
Throwing       | |  0.7
Armour         | |  1.0
Dodging        | |  2.1

Action                     |  1- 3 |  4- 6 |  7- 9 | 10-12 | 13-15 || total
---------------------------+-------+-------+-------+-------+-------++-------
  Melee: Falchion          |    47 |       |       |       |       ||    47
         Dagger            |     8 |    13 |    21 |    22 |       ||    64
         Punch             |       |     1 |       |       |       ||     1
   Cast: Foxfire           |    57 |   173 |   307 |   502 |     5 ||  1044
         Blink             |       |       |     2 |     9 |       ||    11
         Flame Wave        |       |       |     1 |    65 |     5 ||    71
         Animate Armour    |       |       |       |    24 |       ||    24
         Tukima's Dance    |       |       |       |     5 |       ||     5
         Manifold Assault  |       |       |       |     4 |       ||     4
    Use: Scroll            |       |     4 |     5 |     1 |       ||    10
 Armour: Leather armour    |    42 |    22 |    96 |    82 |       ||   242
         Troll leather arm |       |       |       |   236 |     8 ||   244
  Dodge: Dodged            |    54 |    26 |    73 |   229 |     7 ||   389

Table legend: (Time is in decaauts)
 A = Elapsed time spent in this place.
 B = Non-inter-level travel time spent in this place.
 C = Inter-level travel time spent in this place.
 D = Time resting spent in this place.
 E = Time spent auto-exploring this place.
 F = Levels seen in this place.
 G = Mean time per level.
                   A        B        C        D        E       F      G
               +--------+--------+--------+--------+--------+-----+--------+
         Total |  14662 |  14096 |    566 |   1876 |   9157 |  17 |  862.5 |
       Dungeon |  10972 |  10484 |    488 |   1277 |   6844 |  12 |  914.3 |
        Temple |     53 |     39 |     14 |      0 |      0 |   1 |   53.0 |
          Lair |   2990 |   2926 |     64 |    597 |   1831 |   3 |  996.7 |
         Sewer |    646 |    646 |      0 |      2 |    482 |   1 |  646.0 |
               +--------+--------+--------+--------+--------+-----+--------+

Top non-repeatable levels by time:
     D:9: 1821 daAuts
  Lair:2: 1566 daAuts
  Lair:1: 1419 daAuts
    D:10: 1411 daAuts
     D:3: 1297 daAuts
     D:6: 1228 daAuts
     D:5: 908 daAuts
    D:11: 854 daAuts
     D:4: 807 daAuts
     D:7: 781 daAuts
     D:1: 719 daAuts
     D:8: 651 daAuts
   Sewer: 646 daAuts
     D:2: 488 daAuts
  Temple: 53 daAuts
